 Dungeon Sprint DCSS version 0.16-a0-1243-g6e0463c (webtiles) character file.

354 Ololoev the Thrower (level 6, -3/59 HPs)
             Began as an Ogre Hunter on Oct 13, 2014.
             Slain by an iron imp (9 damage)
             ... summoned by a kobold demonologist
             ... while paralysed by a giant eyeball
             ... in the Dungeon (Sprint I: "Red Sonja").
             The game lasted 00:01:18 (77 turns).

Ololoev the Thrower (Ogre Hunter)                     Turns: 77, Time: 00:01:18

Health: -3/59      AC: -12   Str: 19    XL:     6   Next: 62%
Magic:  6/6        EV:  1    Int: 10    God:
Gold:   162        SH:  0    Dex: 11    Spells: 0 memorised, 5 levels left

rFire  . . .     SeeInvis .     l - +0 giant club
rCold  . . .     Clarity  .     d - +0 animal skin
rNeg   . . .     SustAb   .     (shield restricted)
rPois  .         Gourm    .     (helmet restricted)
rElec  .         Spirit   .     (no cloak)
rCorr  .         Warding  .     (gloves unavailable)
rMut   .         NoTele   +     (boots unavailable)
MR     .....                    (no amulet)
Stlth  +.........               (no ring)
                                (no ring)

@: paralysed, corroded equipment, not resistant to hostile enchantments, very
unstealthy
A: unfitting armour, tough skin 1
a: no special abilities


You were in the Dungeon.
You were not hungry.

You visited 1 branch You collected 162 gold pieces.

Inventory:

Hand weapons
 l - a +0 giant club (weapon)
Missiles
 b - a large rock (quivered)
 c - 2 throwing nets
Armour
 d - a +0 animal skin (worn)
Scrolls
 k - a scroll of blinking
Potions
 e - 2 potions of curing
 g - a potion of heal wounds
 h - a potion of haste
 i - 2 potions of magic
 j - a potion of berserk rage
Comestibles
 f - a meat ration


   Skills:
 - Level 2.6 Fighting
 - Level 1.3 Maces & Flails
 + Level 14.7 Throwing
 - Level 1.7 Dodging
 - Level 0.7 Stealth


You had 5 spell levels left.
You didn't know any spells.

Dungeon Overview and Level Annotations

Branches:
Dungeon (1/1)

Altars:
Cheibriados
Dithmenos
Fedhas
Jiyva


Innate Abilities, Weirdness & Mutations

You are too large for most types of armour.
You have tough skin (AC +1).


Message History

The kobold demonologist is moderately wounded.
The rust devil touches you! The rust devil corrodes your equipment!
Throwing (i - inventory. (,) - cycle):
b - 2 large rocks (quivered)
Press: ? - help, Shift-Dir - straight line, f/p - kobold demonologist
Aim: a kobold demonologist, wielding a dagger and wearing a robe You throw a large rock.
The large rock hits the kobold demonologist.
The kobold demonologist is heavily wounded.
The kobold demonologist hits you but does no damage.
The rust devil barely misses you. The giant eyeball stares at you.
You suddenly lose the ability to move!
The kobold demonologist casts a spell.
The rust devil touches you. The rust devil corrodes your equipment!
The kobold demonologist casts a spell.
The kobold demonologist gestures wildly while chanting.
The rust devil touches you! The rust devil corrodes your equipment!
The iron imp hits you!
* * * LOW HITPOINT WARNING * * *
The iron imp hits you!
You die...

######################
.[)..#..'..#__#5@KG3.#
..#..').#..'..'54#K5.#
####+#####+#__#### .3+
#### ##


You could see a soul eater, a rust devil, 2 kobold demonologists, a neqoxec, a
giant eyeball, 2 iron imps and a quasit.

Vanquished Creatures
  A slime creature (D)
  An ogre (D)
  Sigmund (D)
  Ijyb (D)
4 creatures vanquished.

Notes
Turn   | Place    | Note
--------------------------------------------------------------
     0 | D        | Ololoev, the Ogre Hunter, began the quest for the Orb.
     0 | D        | Reached XP level 1. HP: 22/22 MP: 1/1
     1 | D        | Noticed Ijyb
     3 | D        | Killed Ijyb
     3 | D        | Reached skill level 7 in Throwing
     3 | D        | Reached XP level 2. HP: 29/29 MP: 2/2
    13 | D        | Noticed an ogre
    14 | D        | Killed an ogre
    14 | D        | Reached skill level 10 in Throwing
    14 | D        | Reached XP level 3. HP: 36/36 MP: 3/3
    14 | D        | Reached XP level 4. HP: 44/44 MP: 4/4
    30 | D        | Noticed Sigmund
    32 | D        | Killed Sigmund
    32 | D        | Reached skill level 12 in Throwing
    32 | D        | Reached XP level 5. HP: 47/50 MP: 5/5
    50 | D        | Found a snail-covered altar of Cheibriados.
    50 | D        | Found a viscous altar of Jiyva.
    50 | D        | Found a shadowy altar of Dithmenos.
    50 | D        | Found a blossoming altar of Fedhas.
    50 | D        | Noticed a slime creature
    57 | D        | Killed a slime creature
    57 | D        | Reached skill level 14 in Throwing
    57 | D        | Reached XP level 6. HP: 41/59 MP: 6/6
    69 | D        | Noticed a kobold demonologist
    69 | D        | Paralysed by a giant eyeball for 2 turns
    70 | D        | Noticed a kobold demonologist
    72 | D        | Noticed a rust devil
    73 | D        | Noticed a neqoxec
    74 | D        | Paralysed by a giant eyeball for 4 turns
    77 | D        | Noticed a soul eater
    77 | D        | Slain by an iron imp

Action                   |  1- 3 |  4- 6 || total
-------------------------+-------+-------++-------
Throw: Large rock        |     3 |    11 ||    14
